TOP OF THE 1ST |
Los Angeles (WIN) Angels batting - Pitching for Seattle (WIN) Mariners : LHP Aidan Smith
|
Pitching: LHP Aidan Smith
|
|
Batting: LHB Rusty Ney
|
0-0: Ball 1-0: Ball 2-0: Swinging Strike 2-1: Foul Ball, location: 2F 2-2: Strikes out swinging
|
Batting: RHB Danny Bjarnson
|
0-0: Called Strike 0-1: Ball 1-1: Ball 2-1: Ball 3-1: Swinging Strike 3-2: Base on Balls
|
Batting: RHB Bjoern Waltersson
|
0-0: Called Strike 0-1: Foul Ball, location: 2F 0-2: Ball 1-2: Foul Ball, location: 2F 1-2: Fly out, F8 (Line Drive, 8RD, EV 97.5 MPH)
|
Batting: RHB Andres Mendiola
|
0-0: Called Strike 0-1: Called Strike 0-2: Ball Danny Bjarnson is caught stealing 2nd base 2-4
|
Top of the 1st over - 0 runs, 0 hits, 0 errors, 0 left on base; Los Angeles (WIN) 0 - Seattle (WIN) 0 |
BOTTOM OF THE 1ST |
Seattle (WIN) Mariners batting - Pitching for Los Angeles (WIN) Angels : RHP Robbie Delgado
|
Pitching: RHP Robbie Delgado
|
|
Batting: RHB Leon Alders
|
0-0: Foul Ball, location: 2F 0-1: Ball 1-1: Foul Ball, location: 2F 1-2: Foul Ball, location: 2F 1-2: Strikes out looking
|
Batting: RHB Josh Ruhl
|
0-0: Swinging Strike 0-1: Foul Ball, location: 2F 0-2: Ball 1-2: Strikes out looking
|
Batting: LHB Ryan Lowe
|
0-0: Called Strike 0-1: Called Strike 0-2: Ball 1-2: Foul Ball, location: 2F 1-2: Strikes out looking
|
Bottom of the 1st over - 0 runs, 0 hits, 0 errors, 0 left on base; Los Angeles (WIN) 0 - Seattle (WIN) 0 |
TOP OF THE 2ND |
Los Angeles (WIN) Angels batting - Pitching for Seattle (WIN) Mariners : LHP Aidan Smith
|
Batting: RHB Andres Mendiola
|
0-0: DOUBLE (Flyball, 8RXD, EV 106.9 MPH)
|
Batting: LHB Justin Alexander
|
0-0: Ball 1-0: Ball 2-0: Ground out U3 (Groundball, 13, EV 95.0 MPH) Andres Mendiola to third
|
Batting: RHB Luis Romero
|
0-0: Ball 1-0: Foul Ball, location: 2F 1-1: Ball 2-1: Called Strike 2-2: Strikes out looking
|
Batting: LHB Griffin Ferris
|
0-0: Ball 1-0: Ball 2-0: Called Strike 2-1: Ball 3-1: Called Strike 3-2: Foul Ball, location: 2F 3-2: Foul Ball, location: 2F 3-2: Strikes out looking
|
Top of the 2nd over - 0 runs, 1 hit, 0 errors, 1 left on base; Los Angeles (WIN) 0 - Seattle (WIN) 0 |
BOTTOM OF THE 2ND |
Seattle (WIN) Mariners batting - Pitching for Los Angeles (WIN) Angels : RHP Robbie Delgado
|
Batting: RHB Harutomi Matsubara
|
0-0: Ball 1-0: Ball 2-0: Called Strike 2-1: Foul Ball, location: 2F 2-2: Strikes out swinging
|
Batting: RHB Brad Robidas
|
0-0: Ball 1-0: Ball 2-0: Called Strike 2-1: Fly out, F7 (Flyball, 78M, EV 95.0 MPH)
|
Batting: RHB Rick Ellis
|
0-0: Ball 1-0: Ground out 4-3 (Groundball, 4, EV 86.2 MPH)
|
Bottom of the 2nd over - 0 runs, 0 hits, 0 errors, 0 left on base; Los Angeles (WIN) 0 - Seattle (WIN) 0 |
TOP OF THE 3RD |
Los Angeles (WIN) Angels batting - Pitching for Seattle (WIN) Mariners : LHP Aidan Smith
|
Batting: RHB Timoleon Tsikouna
|
0-0: Called Strike 0-1: Foul Ball, location: 2F 0-2: Foul Ball, location: 2F 0-2: Ball 1-2: SINGLE (Flyball, 9LS, EV 97.5 MPH)
|
Batting: LHB Barrfhionn O'Toole
|
0-0: Ball 1-0: Swinging Strike 1-1: Called Strike 1-2: Ball 2-2: Strikes out swinging
|
Batting: LHB Rusty Ney
|
0-0: Foul Ball, location: 2F 0-1: Foul Ball, location: 2F 0-2: Fly out, F7 (Flyball, 7S, EV 86.2 MPH)
|
Batting: RHB Danny Bjarnson
|
0-0: Foul Ball, location: 2F 0-1: Foul Ball, location: 2F 0-2: Ground out 4-3 (Groundball, 4, EV 81.9 MPH)
|
Top of the 3rd over - 0 runs, 1 hit, 0 errors, 1 left on base; Los Angeles (WIN) 0 - Seattle (WIN) 0 |
BOTTOM OF THE 3RD |
Seattle (WIN) Mariners batting - Pitching for Los Angeles (WIN) Angels : RHP Robbie Delgado
|
Batting: RHB Enrique Valdez
|
0-0: Called Strike 0-1: Foul Ball, location: 2F 0-2: Ball 1-2: Foul Ball, location: 2F 1-2: Ball 2-2: Foul Ball, location: 2F 2-2: SINGLE (Groundball, 34D, EV 97.5 MPH)
|
Batting: RHB Chris Olheiser
|
0-0: Fly out, F8 (Flyball, 8LM, EV 96.2 MPH)
|
Batting: SHB Ray Skogen
|
0-0: Ball 1-0: Swinging Strike 1-1: Swinging Strike 1-2: Strikes out swinging
|
Batting: RHB Leon Alders
|
0-0: Ball 1-0: Swinging Strike 1-1: Called Strike 1-2: Ball 2-2: Fly out, F8 (Flyball, 8LXD, EV 99.4 MPH)
|
Bottom of the 3rd over - 0 runs, 1 hit, 0 errors, 1 left on base; Los Angeles (WIN) 0 - Seattle (WIN) 0 |
TOP OF THE 4TH |
Los Angeles (WIN) Angels batting - Pitching for Seattle (WIN) Mariners : LHP Aidan Smith
|
Batting: RHB Bjoern Waltersson
|
0-0: Ball 1-0: Foul Ball, location: 2F 1-1: Ball 2-1: Foul Ball, location: 2F 2-2: Foul Ball, location: 2F 2-2: Fly out, F7 (Flyball, 7D, EV 92.5 MPH)
|
Batting: RHB Andres Mendiola
|
0-0: Ball 1-0: Fly out, F8 (Line Drive, 8RM, EV 86.2 MPH)
|
Batting: LHB Justin Alexander
|
0-0: Ball 1-0: Called Strike 1-1: Swinging Strike 1-2: Ball 2-2: Strikes out swinging
|
Top of the 4th over - 0 runs, 0 hits, 0 errors, 0 left on base; Los Angeles (WIN) 0 - Seattle (WIN) 0 |
BOTTOM OF THE 4TH |
Seattle (WIN) Mariners batting - Pitching for Los Angeles (WIN) Angels : RHP Robbie Delgado
|
Batting: RHB Josh Ruhl
|
0-0: Swinging Strike 0-1: Foul Ball, location: 2F 0-2: Strikes out swinging
|
Batting: LHB Ryan Lowe
|
0-0: Ball 1-0: Ball 2-0: Called Strike 2-1: Ball 3-1: Ground out 1-3 (Groundball, 15S, EV 66.2 MPH)
|
Batting: RHB Harutomi Matsubara
|
0-0: Called Strike 0-1: Called Strike 0-2: Ball 1-2: Strikes out swinging
|
Bottom of the 4th over - 0 runs, 0 hits, 0 errors, 0 left on base; Los Angeles (WIN) 0 - Seattle (WIN) 0 |
TOP OF THE 5TH |
Los Angeles (WIN) Angels batting - Pitching for Seattle (WIN) Mariners : LHP Aidan Smith
|
Batting: RHB Luis Romero
|
0-0: Called Strike 0-1: Ball 1-1: Foul Ball, location: 2F 1-2: SINGLE (Groundball, 34D, EV 107.5 MPH)
|
Batting: LHB Griffin Ferris
|
0-0: Grounds into double play, 5-4-3 (Groundball, 56, EV 98.1 MPH)
|
Batting: RHB Timoleon Tsikouna
|
0-0: Foul Ball, location: 2F 0-1: Ball 1-1: Ball 2-1: Swinging Strike 2-2: Strikes out looking
|
Top of the 5th over - 0 runs, 1 hit, 0 errors, 0 left on base; Los Angeles (WIN) 0 - Seattle (WIN) 0 |
BOTTOM OF THE 5TH |
Seattle (WIN) Mariners batting - Pitching for Los Angeles (WIN) Angels : RHP Robbie Delgado
|
Batting: RHB Brad Robidas
|
0-0: Ball 1-0: Called Strike 1-1: Called Strike 1-2: Foul Ball, location: 2F 1-2: Foul Ball, location: 2F 1-2: Foul Ball, location: 2F 1-2: Ball 2-2: Ball 3-2: Base on Balls
|
Batting: RHB Rick Ellis
|
0-0: Foul Ball, location: 2F 0-1: Ball 1-1: Foul Ball, location: 2F 1-2: Ball 2-2: Strikes out swinging
|
Batting: RHB Enrique Valdez
|
0-0: Ball 1-0: Grounds into double play, 6-4-3 (Groundball, 6M, EV 92.5 MPH)
|
Bottom of the 5th over - 0 runs, 0 hits, 0 errors, 0 left on base; Los Angeles (WIN) 0 - Seattle (WIN) 0 |
TOP OF THE 6TH |
Los Angeles (WIN) Angels batting - Pitching for Seattle (WIN) Mariners : LHP Aidan Smith
|
Batting: LHB Barrfhionn O'Toole
|
0-0: Ball 1-0: Ball 2-0: Foul Ball, location: 2F 2-1: Foul Ball, location: 2F 2-2: Foul Ball, location: 2F 2-2: Strikes out looking
|
Batting: LHB Rusty Ney
|
0-0: Ball 1-0: Called Strike 1-1: Called Strike 1-2: Foul Ball, location: 2F 1-2: Ball 2-2: Ball 3-2: SINGLE (Line Drive, 5L, EV 101.9 MPH)
|
Batting: RHB Danny Bjarnson
|
0-0: Ball 1-0: Ball 2-0: Ball 3-0: Base on Balls Rusty Ney to second
|
Batting: RHB Bjoern Waltersson
|
0-0: Ball 1-0: Foul Ball, location: 2F 1-1: Ball 2-1: Ball 3-1: Foul Ball, location: 2F 3-2: Base on Balls Rusty Ney to third Danny Bjarnson to second
|
Pitching: RHP Willie Sanchez
|
|
Batting: RHB Andres Mendiola
|
0-0: Ball 1-0: Fly out, F9 (Flyball, 89M, EV 80.6 MPH) Runner from 3rd tags up, SCORES, no throw by RF
|
Batting: LHB Justin Alexander
|
0-0: Called Strike 0-1: Fly out, F9 (Line Drive, 9, EV 88.8 MPH)
|
Top of the 6th over - 1 run, 1 hit, 0 errors, 2 left on base; Los Angeles (WIN) 1 - Seattle (WIN) 0 |
BOTTOM OF THE 6TH |
Seattle (WIN) Mariners batting - Pitching for Los Angeles (WIN) Angels : RHP Robbie Delgado
|
Batting: RHB Chris Olheiser
|
0-0: Ball 1-0: Swinging Strike 1-1: Ball 2-1: Ball 3-1: Base on Balls
|
Pitching: RHP Austin Maki
|
|
Batting: SHB Ray Skogen
|
0-0: Foul Ball, location: 2F 0-1: Called Strike 0-2: Foul Ball, location: 2F 0-2: Ball 1-2: Ball 2-2: Foul Ball, location: 2F 2-2: Strikes out swinging
|
Batting: RHB Leon Alders
|
0-0: Called Strike 0-1: Ball 1-1: Ball 2-1: Ball 3-1: Called Strike 3-2: Fly out, F7 (Flyball, 7LS, EV 86.2 MPH)
|
Batting: RHB Josh Ruhl
|
0-0: 2-RUN HOME RUN (Flyball, 78XD, EV 102.5 MPH), Distance : 437 ft
|
Batting: LHB Ryan Lowe
|
0-0: Ground out 6-3 (Groundball, 6, EV 103.1 MPH)
|
Bottom of the 6th over - 2 runs, 1 hit, 0 errors, 0 left on base; Los Angeles (WIN) 1 - Seattle (WIN) 2 |
TOP OF THE 7TH |
Los Angeles (WIN) Angels batting - Pitching for Seattle (WIN) Mariners : RHP Willie Sanchez
|
Batting: RHB Luis Romero
|
0-0: Swinging Strike 0-1: Called Strike 0-2: Strikes out swinging
|
Batting: LHB Griffin Ferris
|
0-0: Ball 1-0: Foul Ball, location: 2F 1-1: Fly out, F9 (Flyball, 9LMF, EV 93.1 MPH)
|
Batting: RHB Timoleon Tsikouna
|
0-0: Called Strike 0-1: Foul Ball, location: 2F 0-2: Foul Ball, location: 2F 0-2: Strikes out swinging
|
Top of the 7th over - 0 runs, 0 hits, 0 errors, 0 left on base; Los Angeles (WIN) 1 - Seattle (WIN) 2 |
BOTTOM OF THE 7TH |
Seattle (WIN) Mariners batting - Pitching for Los Angeles (WIN) Angels : RHP Austin Maki
|
Pitching: RHP Ricky Castillo
|
|
Batting: RHB Harutomi Matsubara
|
0-0: Swinging Strike 0-1: Called Strike 0-2: Ball 1-2: Ball 2-2: Ball 3-2: Strikes out looking
|
Batting: RHB Brad Robidas
|
0-0: Called Strike 0-1: Fly out, F8 (Line Drive, 8LM, EV 84.4 MPH)
|
Batting: RHB Rick Ellis
|
0-0: Called Strike 0-1: Ball 1-1: Swinging Strike 1-2: Ball 2-2: Ground out U3 (Groundball, 34S, EV 81.2 MPH)
|
Bottom of the 7th over - 0 runs, 0 hits, 0 errors, 0 left on base; Los Angeles (WIN) 1 - Seattle (WIN) 2 |
TOP OF THE 8TH |
Los Angeles (WIN) Angels batting - Pitching for Seattle (WIN) Mariners : RHP Willie Sanchez
|
Batting: LHB Barrfhionn O'Toole
|
0-0: Ball 1-0: Ground out 6-3 (Groundball, 56, EV 85.6 MPH)
|
Batting: LHB Rusty Ney
|
0-0: Ball 1-0: Foul Ball, location: 2F 1-1: Fly out, F7 (Flyball, 7, EV 93.1 MPH)
|
Batting: RHB Danny Bjarnson
|
0-0: Called Strike 0-1: Ground out 4-3 (Groundball, 4MS, EV 88.8 MPH)
|
Top of the 8th over - 0 runs, 0 hits, 0 errors, 0 left on base; Los Angeles (WIN) 1 - Seattle (WIN) 2 |
BOTTOM OF THE 8TH |
Seattle (WIN) Mariners batting - Pitching for Los Angeles (WIN) Angels : RHP Ricky Castillo
|
Batting: RHB Enrique Valdez
|
0-0: Ball 1-0: Called Strike 1-1: Foul Ball, location: 2F 1-2: Fly out, F9 (Flyball, 89M, EV 82.5 MPH)
|
Batting: RHB Chris Olheiser
|
0-0: Foul Ball, location: 2F 0-1: Ball 1-1: Foul Ball, location: 2F 1-2: Strikes out swinging
|
Batting: SHB Ray Skogen
|
0-0: Foul Ball, location: 2F 0-1: Foul Ball, location: 2F 0-2: Ball 1-2: Foul Ball, location: 2F 1-2: Foul Ball, location: 2F 1-2: Ball 2-2: Strikes out looking
|
Bottom of the 8th over - 0 runs, 0 hits, 0 errors, 0 left on base; Los Angeles (WIN) 1 - Seattle (WIN) 2 |
TOP OF THE 9TH |
Los Angeles (WIN) Angels batting - Pitching for Seattle (WIN) Mariners : RHP Willie Sanchez
|
Pitching: RHP Omar Colunga
|
|
Now at 3B: Rick Ellis
|
|
Now in LF: Ryan Criollo
|
|
Batting: RHB Bjoern Waltersson
|
0-0: Ball 1-0: Ball 2-0: SOLO HOME RUN (Line Drive, 9LD, EV 105.0 MPH), Distance : 377 ft
|
Batting: RHB Andres Mendiola
|
0-0: SINGLE (Line Drive, 3D, EV 95.6 MPH)
|
Batting: LHB Justin Alexander
|
0-0: Fly out, F9 (Flyball, 9, EV 88.1 MPH)
|
Batting: RHB Luis Romero
|
0-0: Ball 1-0: Swinging Strike 1-1: Ball 2-1: Foul Ball, location: 2F 2-2: Strikes out swinging
|
Batting: LHB Griffin Ferris
|
0-0: SINGLE (Groundball, P, EV 86.9 MPH) (infield hit) Andres Mendiola to second
|
Batting: RHB Timoleon Tsikouna
|
0-0: Called Strike 0-1: Swinging Strike 0-2: Ball 1-2: Foul Ball, location: 2F 1-2: Strikes out swinging
|
Top of the 9th over - 1 run, 3 hits, 0 errors, 2 left on base; Los Angeles (WIN) 2 - Seattle (WIN) 2 |
BOTTOM OF THE 9TH |
Seattle (WIN) Mariners batting - Pitching for Los Angeles (WIN) Angels : RHP Ricky Castillo
|
Batting: RHB Leon Alders
|
0-0: Called Strike 0-1: Reached on error, E5 (Groundball, 5, EV 83.8 MPH)
|
Batting: RHB Josh Ruhl
|
0-0: Foul Ball, location: 2F 0-1: Ball 1-1: Foul Ball, location: 2F 1-2: SINGLE (Flyball, 9LS, EV 91.9 MPH) Leon Alders to second Runner from 2nd tries for 3rd, SAFE, throw by RF made to third
|
Batting: LHB Ryan Lowe
|
0-0: Ball 1-0: Fielders Choice at home, 4-2 (Groundball, 4MS, EV 65.6 MPH) Josh Ruhl to second
|
Batting: RHB Harutomi Matsubara
|
0-0: Called Strike Josh Ruhl is caught stealing 3rd base 2-5 Ryan Lowe to second 0-1: Foul Ball, location: 2F 0-2: Ball 1-2: Fly out, F8 (Flyball, 8LXD, EV 98.1 MPH)
|
Bottom of the 9th over - 0 runs, 1 hit, 1 error, 1 left on base; Los Angeles (WIN) 2 - Seattle (WIN) 2 |
TOP OF THE 10TH |
Los Angeles (WIN) Angels batting - Pitching for Seattle (WIN) Mariners : RHP Omar Colunga
|
Pitching: RHP Luis Castro
|
|
Batting: LHB Barrfhionn O'Toole
|
0-0: Foul Ball, location: 2F 0-1: Foul Ball, location: 2F 0-2: Ball 1-2: Fly out, F6 (Line Drive, 6, EV 68.1 MPH)
|
Batting: LHB Rusty Ney
|
0-0: Called Strike 0-1: Ball 1-1: Foul Ball, location: 2F 1-2: Strikes out swinging
|
Pinch Hitting: LHB James McCauley
|
0-0: Ball 1-0: Called Strike 1-1: Ball 2-1: Foul Ball, location: 2F 2-2: Ball 3-2: Base on Balls
|
Batting: RHB Bjoern Waltersson
|
0-0: Ball 1-0: Ball 2-0: Ball 3-0: Base on Balls James McCauley to second
|
Batting: RHB Andres Mendiola
|
0-0: Ball 1-0: Ball 2-0: Ball 3-0: Ground out U3 (Groundball, 34, EV 81.2 MPH)
|
Top of the 10th over - 0 runs, 0 hits, 0 errors, 2 left on base; Los Angeles (WIN) 2 - Seattle (WIN) 2 |
BOTTOM OF THE 10TH |
Seattle (WIN) Mariners batting - Pitching for Los Angeles (WIN) Angels : RHP Ricky Castillo
|
Pitching: RHP Danny Nava
|
|
Now at 2B: Tristan Lewis
|
|
Batting: RHB Ryan Criollo
|
0-0: Called Strike 0-1: Called Strike 0-2: Ball 1-2: SOLO HOME RUN (Flyball, 78XD, EV 108.1 MPH), Distance : 427 ft
|
Bottom of the 10th over - 1 run, 1 hit, 0 errors, 0 left on base; Los Angeles (WIN) 2 - Seattle (WIN) 3 |
|